AoeStats
← ska_18

Black Forest

503806344Analyzed
3v3 RM · 1mo ago on Sep 2, 2026· 30m 24s· 6 players
Game mode
Random Map
Map size
Normal (6 player)
Population
200
Speed
Normal
Resources
Standard
Victory
Conquest
Starting age
Dark Age
Ending age
Imperial Age
RankedLock teamsTeams togetherTeam positionsShared explorationLock speedFull tech treeHidden civsTurbo modeCheats
Victory
Defeat
🇺🇸 Armenians · United States
1130
+14
🇬🇧 Malay · United Kingdom
1123
+14
🇨🇿 Gurjaras · Czechia
1078
+16
🇦🇺 Vietnamese · Australia
1102
-16
1073
-14
🇦🇹 Saracens · Austria
1054
-13
Angusjack
0:34 Loom
17:21 Feudal Age
22:09 Castle Age
20:10 Double-Bit Axe
23:41 Gold Mining
ska_18
1:11 Loom
12:41 Feudal Age
15:24 Fletching
17:37 Castle Age
16:11 Double-Bit Axe
16:54 Horse Collar
25:27 Wheelbarrow
25:26 Bodkin Arrow
26:27 Bow Saw
27:58 Gold Mining
27:59 Stone Mining
28:07 Stone Mining
28:18 Heavy Plow
28:28 Town Watch
29:22 Gold Shaft Mining
29:57 Forging
29:53 Scale Barding Armor
30:16 Hand Cart
川渝第一育才暴打兰开
1:32 Loom
12:08 Feudal Age
13:52 Horse Collar
16:26 Castle Age
15:22 Double-Bit Axe
19:08 Horse Collar
droger144
0:41 Loom
11:32 Feudal Age
14:26 Man-at-Arms
20:35 Wheelbarrow
20:44 Double-Bit Axe
20:53 Pikeman
24:20 Horse Collar
24:22 Long Swordsman
28:22 Castle Age
28:31 Gold Mining
28:29 Two-Handed Swordsman
28:35 Crossbowman
Bambi
1:06 Loom
14:29 Feudal Age
18:41 Castle Age
21:33 Forging
22:41 Arson
22:56 Squires
22:46 Arson
23:13 Horse Collar
24:48 Iron Casting
The Spectre One
8:05 Loom
11:26 Feudal Age
15:19 Castle Age
13:29 Horse Collar
13:56 Double-Bit Axe
22:43 Wheelbarrow
24:33 Bow Saw
25:18 Scale Barding Armor
25:23 Forging
29:53 Imperial Age
28:39 Heavy Plow
28:35 Stone Mining
28:35 Gold Mining
29:26 Chain Barding Armor
29:41 Iron Casting
30:05 Bloodlines
29:57 Husbandry
30:24 Heavy Camel Rider
Connection lost

Rejoining the realm…

Still unreachable

The connection could not be restored.

Session expired

The server has moved on; the page needs a fresh start.